 Dungeon Crawl Stone Soup version 0.23.2-30-g0e89c35649 (webtiles) character file.

Game seed: 726742604344666779

8943 dembora the Basher (level 11, -10/142 HPs)
             Began as a Pale Draconian Berserker on June 19, 2019.
             Was a High Priest of Trog.
             Mangled by a death yak (12 damage)
             ... on level 10 of the Dungeon on June 21, 2019.
             The game lasted 02:05:05 (11306 turns).

dembora the Basher (Pale Draconian Berserker)      Turns: 11306, Time: 02:05:05

Health: -10/142    AC: 10    Str: 27    XL:     11   Next: 16%
Magic:  11/11      EV: 16    Int:  7    God:    Trog [*****.]
Gold:   370        SH:  0    Dex: 12    Spells: 10/10 levels left

rFire    . . .     SeeInvis .   p - +1 morningstar (vamp)
rCold    + . .     Gourm    .   (no shield)
rNeg     . . .     Faith    +   (armour unavailable)
rPois    .         Spirit   .   (helmet restricted)
rElec    .         Reflect  .   (no cloak)
rCorr    .         Harm     .   (no gloves)
MR       +....                  t - +2 pair of boots
Stlth    ..........             o - amulet of faith
HPRegen  0.33/turn              d - ring of protection from cold
MPRegen  0.12/turn              w - ring of protection from magic

@: berserking, very quick
A: breathe steam, unfitting armour, cold-blooded, AC +7
a: Breathe Steam, Berserk, Trog's Hand, Brothers in Arms, Renounce Religion


You were on level 10 of the Dungeon.
You worshipped Trog.
Trog was extremely pleased with you.
You were not hungry.

You visited 1 branch of the dungeon, and saw 10 of its levels.

You collected 490 gold pieces.
You spent 120 gold pieces at shops.

Inventory:

Hand Weapons
 g - a +2 whip of electrocution
 i - a +0 blowgun
 j - a +2 scimitar of flaming
 p - a +1 vampiric morningstar (weapon)
 A - a +4 hand axe of electrocution
 E - a +3 antimagic great mace
 K - a +0 dagger of chaos
Missiles
 l - 60 poisoned needles (quivered)
 u - 8 javelins
 F - 7 needles of sleeping
 J - 4 tomahawks of dispersal
Armour
 t - a +2 pair of boots (worn)
Jewellery
 d - a ring of protection from cold (left hand)
 o - an amulet of faith (around neck)
 w - a ring of protection from magic (right hand)
 x - an uncursed amulet of harm
Wands
 k - a wand of digging (6)
 y - a wand of enslavement (18)
 C - a wand of iceblast (12)
 I - a wand of acid (4)
Scrolls
 c - 8 scrolls of identify
 f - 7 scrolls of teleportation
 h - 2 scrolls of remove curse
 n - 2 scrolls of fear {unknown}
 s - 2 scrolls of enchant armour {unknown}
 v - a scroll of noise {unknown}
 z - a scroll of vulnerability {unknown}
 D - a scroll of enchant weapon {unknown}
Potions
 a - 3 potions of brilliance {unknown}
 e - 2 potions of mutation {unknown}
 m - 2 potions of lignification {unknown}
 q - 2 potions of haste {unknown}
 r - 2 potions of might {unknown}
 B - 2 potions of curing {unknown}
 H - a potion of heal wounds
Comestibles
 b - 9 rations
 G - 4 chunks of flesh


   Skills:
 + Level 8.9 Fighting
 + Level 3.5 Long Blades
 + Level 11.8 Maces & Flails
 + Level 1.5 Throwing
 + Level 7.8 Dodging
 + Level 5.4 Stealth


You had 10 spell levels left.
You didn't know any spells.
Your spell library was empty.

Dungeon Overview and Level Annotations

Branches:
Dungeon (10/15)            Temple (0/1) D:5            Lair (0/6) D:10
    Orc: D:9-12

Altars:
Gozag
Kikubaaqudgha
Sif Muna
Trog
Vehumet
Yredelemnul
The Shining One

Shops:
D:5 *   D:6 !

Annotations:
D:8 Prince Ribbit


Innate Abilities, Weirdness & Mutations

You can breathe blasts of scalding, opaque steam.
Your pale cyan-grey scales are hard. (AC +7)
You cannot fit into any form of body armour.
You are cold-blooded and may be slowed by cold attacks.


Message History

The death yak gores you!
The death yak snorts and paws the ground.
The death yak gores you!
You hit the death yak but do no damage. The death yak gores you.
The death yak gores you but does no damage.
The death yak gores you!
* * * LOW HITPOINT WARNING * * *
A red film seems to cover your vision as you go berserk!
You feel yourself moving faster!
You feel mighty!
You feel a lot more hungry. The death yak barely misses you.
The death yak gores you!!
* * * LOW HITPOINT WARNING * * *
The death yak closely misses you.
You barely miss the death yak.
You tail-slap the death yak, but do no damage.
You puncture the death yak!
You feel better.
The death yak is lightly wounded.
The death yak gores you!
* * * LOW HITPOINT WARNING * * *
The death yak gores you!
You die...

.>......##.#.......#
........##.#.......#
........##())......#
........####.......#
........# ##'######
######### #...## ###..#
####### ##.#
#............
####@###............
#.OYYYY..#..........
#...YYY.....#.......
#..........##.>.#...
######.................$.
+...................#....
######................Y..
#...................
####.#######..+.....


You could see 7 death yaks and an ogre.

Vanquished Creatures
  Harold (D:7)
  Erica (D:9)
  An unseen horror (D:8)
  The ghost of bmj180 the Dealer of Despair, a novice HONe of Kikubaaqudgha (D:6)
  Psyche (D:9)
  A wyvern (D:10)
  A spriggan (D:7)
  3 yaks (D:9)
  A wraith (D:7)
  Duvessa (D:6)
  A sky beast (D:6)
  6 orc warriors
  4 ogres
  3 ice beasts
  A necrophage (D:9)
  2 phantoms
  2 centaurs (D:8)
  2 big kobolds
  10 bullfrogs
  An elf skeleton (D:7)
  Dowan (D:6)
  7 scorpions
  3 killer bees (D:8)
  4 wights
  4 howler monkeys (D:7)
  2 vampire bats (D:4)
  5 crimson imps
  2 bullfrog zombies
  2 centaur zombies
  2 hounds
  3 human zombies (D:7)
  5 jellies
  A quasit (D:7)
  6 orc priests
  4 orc wizards
  Ijyb (D:2)
  2 bullfrog skeletons
  A centaur skeleton (D:4)
  2 iguanas
  10 worker ants
  An ogre zombie (D:7)
  A hound zombie (D:9)
  5 mummies (D:7)
  4 gnolls
  12 adders
  An adder skeleton (D:6)
  4 worms
  A dart slug (D:3)
  7 leopard geckos
  22 orcs
  3 ball pythons
  4 bats
  A bat skeleton (D:4)
  4 bat zombies (D:4)
  4 giant cockroaches
  10 goblins
  4 hobgoblins
  5 jackals
  5 quokkas
  A frilled lizard (D:2)
  17 kobolds
  A leopard gecko skeleton (D:9)
  An orc zombie (D:7)
  A quokka skeleton (D:4)
  2 rats
232 creatures vanquished.

Notes
Turn   | Place    | Note
-------+----------+-------------------------------------------
     0 | D:1      | dembora the Draconian Berserker began the quest for the
                  | Orb.
     0 | D:1      | Reached XP level 1. HP: 19/19 MP: 1/1
   253 | D:1      | Reached XP level 2. HP: 6/27 MP: 2/2
  1255 | D:2      | Noticed Ijyb
  1283 | D:2      | Killed Ijyb
  1284 | D:2      | Reached XP level 3. HP: 33/33 MP: 3/3
  1451 | D:2      | Reached skill level 1 in Maces & Flails
  1456 | D:2      | Reached ** piety under Trog
  1456 | D:2      | Reached XP level 4. HP: 40/40 MP: 4/4
  2078 | D:3      | Found a radiant altar of Vehumet.
  2498 | D:3      | Found an opulent altar of Gozag.
  2556 | D:3      | Found a faded altar of an unknown god.
  2671 | D:3      | Reached skill level 2 in Maces & Flails
  2736 | D:3      | Reached XP level 5. HP: 18/47 MP: 5/5
  3002 | D:3      | Found a glowing golden altar of the Shining One.
  3966 | D:4      | Reached skill level 3 in Maces & Flails
  3970 | D:4      | Found a bloodstained altar of Trog.
  4118 | D:4      | Reached *** piety under Trog
  4158 | D:4      | Found an ancient bone altar of Kikubaaqudgha.
  4159 | D:4      | Reached XP level 6. HP: 53/53 MP: 6/6
  4314 | D:4      | Reached skill level 4 in Maces & Flails
  4391 | D:4      | Reached skill level 1 in Stealth
  4718 | D:4      | Found a deep blue altar of Sif Muna.
  4876 | D:5      | Entered Level 5 of the Dungeon
  4942 | D:5      | Your scales start taking on a pale cyan-grey colour.
  4942 | D:5      | Reached XP level 7. HP: 56/60 MP: 7/7
  4959 | D:5      | Reached skill level 1 in Throwing
  5329 | D:5      | Reached skill level 5 in Maces & Flails
  5537 | D:5      | Found Xijog's Assorted Antiques.
  5546 | D:5      | Reached skill level 5 in Fighting
  5568 | D:5      | Bought a diamond ring for 120 gold pieces
  5773 | D:5      | Found a staircase to the Ecumenical Temple.
  5946 | D:6      | Found a transporter.
  5949 | D:6      | Found a transporter.
  5949 | D:6      | Noticed bmj180's ghost (novice HONe)
  6021 | D:6      | Reached XP level 8. HP: 68/68 MP: 8/8
  6028 | D:6      | Reached skill level 6 in Maces & Flails
  6135 | D:6      | Reached **** piety under Trog
  6155 | D:6      | Reached skill level 5 in Dodging
  6168 | D:6      | Noticed Dowan
  6215 | D:6      | Killed Dowan
  6221 | D:6      | Noticed Duvessa
  6234 | D:6      | Killed Duvessa
  6234 | D:6      | Reached skill level 7 in Maces & Flails
  6303 | D:6      | Found Mahat's Distillery.
  6651 | D:6      | Killed bmj180's ghost
  6651 | D:6      | Reached XP level 9. HP: 22/75 MP: 9/9
  6653 | D:6      | Reached skill level 8 in Maces & Flails
  7061 | D:7      | Noticed Harold
  7075 | D:7      | Killed Harold
  7340 | D:7      | Reached skill level 9 in Maces & Flails
  7377 | D:7      | Found a radiant altar of Vehumet.
  7710 | D:7      | Reached ***** piety under Trog
  7827 | D:7      | Reached XP level 10. HP: 86/86 MP: 10/10
  7835 | D:7      | Received a gift from Trog
  8170 | D:7      | Found a basalt altar of Yredelemnul.
  8281 | D:8      | Reached skill level 10 in Maces & Flails
  9423 | D:8      | Noticed Prince Ribbit
  9468 | D:8      | Killed an unseen horror
  9538 | D:8      | Reached skill level 11 in Maces & Flails
  9692 | D:8      | Reached skill level 5 in Stealth
  9935 | D:9      | Noticed Erica
  9950 | D:9      | Killed Erica
 10378 | D:9      | Noticed Psyche
 10395 | D:9      | Killed Psyche
 10395 | D:9      | Reached XP level 11. HP: 54/95 MP: 11/11
 10981 | D:9      | Received a gift from Trog
 11137 | D:10     | Entered Level 10 of the Dungeon
 11232 | D:10     | Received a gift from Trog
 11281 | D:10     | Found a staircase to the Lair.
 11284 | D:10     | Noticed a death yak
 11284 | D:10     | Noticed a death yak
 11284 | D:10     | Noticed a death yak
 11285 | D:10     | Noticed a death yak
 11285 | D:10     | Noticed a death yak
 11286 | D:10     | Noticed a death yak
 11286 | D:10     | Noticed a death yak
 11306 | D:10     | HP: 2/142 [death yak (16)]
 11306 | D:10     | Mangled by a death yak

Skill      XL: |  1  2  3  4  5  6  7  8  9 10 |
---------------+-------------------------------+-----
Fighting       | 4 5 6 7 8 |  8.9
Dodging        | 3 4 5 6 7 |  7.8
Maces & Flails | 1 2 3 4 5 7 9 11 | 11.8
Stealth        | 1 2 3 4 5 |  5.4
Throwing       | 1 |  1.5
Long Blades    | |  3.5

Action                   |  1- 3 |  4- 6 |  7- 9 | 10-12 || total
-------------------------+-------+-------+-------+-------++-------
Melee: Falchion          |    19 |       |       |       ||    19
       Tailslap          |     8 |    18 |    41 |    67 ||   134
       Mace              |    41 |       |       |       ||    41
       Whip              |    17 |    99 |       |       ||   116
       Morningstar       |       |    60 |   252 |   361 ||   673
 Fire: Blowgun           |       |     5 |       |       ||     5
Invok: Berserk           |     1 |     2 |     5 |     6 ||    14
       Trog's Hand       |       |       |     1 |       ||     1
 Abil: Breathe Steam     |       |       |     3 |       ||     3
Evoke: Wand              |       |     1 |       |       ||     1
  Use: Scroll            |     6 |     3 |     2 |     1 ||    12
       Potion            |       |       |     2 |     2 ||     4
 Stab: Sleeping          |       |     1 |     7 |     9 ||    17
  Eat: Ration            |     1 |     6 |     2 |     4 ||    13
       Chunk             |       |       |     7 |     5 ||    12
Armor: Skin              |    18 |    58 |   108 |   111 ||   295
Dodge: Dodged            |    50 |   161 |   259 |   316 ||   786
       Rpst.: Falchion   |     3 |       |       |       ||     3
